 Dungeon Crawl Stone Soup version 0.19-a0-1442-g3b32ff5 (webtiles) character file.

87 rlgrobin the Cutter (level 4, -6/27 HPs)
             Began as a Deep Elf Chaos Knight on Sept 6, 2016.
             Killed by the capriciousness of Xom (29 damage)
             ... on level 3 of the Dungeon.
             The game lasted 00:04:55 (3054 turns).

rlgrobin the Cutter (Deep Elf Chaos Knight)         Turns: 3054, Time: 00:04:55

Health: -6/27      AC:  6    Str:  9    XL:     4   Next: 28%
Magic:  6/6        EV: 13    Int: 17    God:    Xom [...*..]
Gold:   192        SH:  0    Dex: 15    Spells: 0 memorised, 3 levels left

rFire  + . .     SeeInvis .     a - +0 short sword (chaos)
rCold  . . .     Gourm    +     p - +1 leather armour {rF+}
rNeg   . . .     Faith    .     (no shield)
rPois  .         Spirit   .     (no helmet)
rElec  .         Dismiss  .     s - +0 cloak
rCorr  .         Reflect  .     k - +0 pair of gloves
MR     .....     Harm     .     (no boots)
Stlth  ++........               n - amulet of the gourmand
                                (no ring)
                                (no ring)

@: no status effects
A: no striking features
a: Renounce Religion


You were on level 3 of the Dungeon.
You worshipped Xom.
You were a BORING thing.
You were very full.

You visited 1 branch of the dungeon, and saw 3 of its levels.

You collected 192 gold pieces.

Inventory:

Hand Weapons
 a - a +0 short sword of chaos (weapon)
Missiles
 e - 11 tomahawks (quivered)
 t - 16 poisoned needles
 A - a javelin
Armour
 b - a +2 leather armour
 k - a +0 pair of gloves (worn)
 p - a +1 leather armour of fire resistance (worn)
 s - a +0 cloak (worn)
Jewellery
 n - an amulet of the gourmand (around neck)
Scrolls
 d - a scroll of blinking {unknown}
 h - a scroll of teleportation {unknown}
 j - a scroll of noise {unknown}
 m - 4 scrolls of identify {unknown}
 q - a scroll of magic mapping {unknown}
 r - 2 scrolls of fog {unknown}
 w - a scroll of fear {unknown}
 y - a scroll of remove curse
Potions
 f - 2 potions of curing
 i - a potion of lignification {unknown}
 l - a potion of degeneration {unknown}
 o - a potion of cancellation {unknown}
 u - 2 potions of haste {unknown}
 x - a potion of invisibility {unknown}
Comestibles
 c - a bread ration
 g - a meat ration
 z - 2 fruits


   Skills:
 - Level 2.4 Fighting
 - Level 4.2 Short Blades
 + Level 1.2 Throwing
 - Level 0.7 Armour
 - Level 3.0 Dodging
 - Level 2.0 Stealth


You had 3 spell levels left.
You didn't know any spells.

Dungeon Overview and Level Annotations

Branches:
Dungeon (3/15)

Altars:
The Shining One


Message History

Unknown command.
Unknown command.
You start resting.
You feel sick. x10
You are no longer poisoned.
You start resting.
Xom's attention turns to you for a moment.
Wisps of condensation drift from your elbows.
You start resting.
Xom is getting BORED.
Unknown command.
Unknown command.
You start resting.
You are now a BORING thing.
Search for what [? for help]? blo Xom's attention turns to you for a moment.
You convulse helplessly as pain tears through your body!
Ouch! That really hurt!
You die...
Xom roars with laughter!

#### #...
##############################.##
................@....(...........
.........#########........####.#.
########.## #........# #.#. #..#
#........# #.#. ##.## #........#
#.#. #..# #........# #.#. ##.##
#........####.#. #..#
#........##..... ######.##
#........##.#.##


There were no monsters in sight!

Vanquished Creatures
  2 adders
  2 worms
  2 dart slugs
  A giant gecko (D:3)
  An orc (D:2)
  4 giant cockroaches
  8 hobgoblins
  A quokka (D:3)
  A ball python (D:3)
  5 bats
  3 giant newts
  8 goblins
  11 kobolds
  8 rats
57 creatures vanquished.

Vanquished Creatures (collateral kills)
  A quokka (D:3)
1 creature vanquished.

Grand Total: 58 creatures vanquished

Notes
Turn   | Place    | Note
-------+----------+-------------------------------------------
     0 | D:1      | rlgrobin the Deep Elf Chaos Knight began the quest for the Orb.
     0 | D:1      | Reached XP level 1. HP: 13/13 MP: 3/3
    87 | D:1      | Reached skill level 1 in Stealth
   279 | D:1      | Reached XP level 2. HP: 9/18 MP: 4/4
   385 | D:1      | XOM: harmless Erth miscast
   759 | D:1      | XOM: divination: magic mapping
   858 | D:2      | XOM: smoke on damage
  1014 | D:2      | Reached XP level 3. HP: 14/22 MP: 5/5
  1267 | D:2      | Reached skill level 4 in Short Blades
  1518 | D:2      | Found a glowing golden altar of the Shining One.
  1705 | D:3      | XOM: noise
  1708 | D:3      | XOM: cast spell 'Summon Small Mammal'
  1714 | D:3      | XOM: butterfly on damage
  1715 | D:3      | XOM: enchant monster (good)
  1735 | D:3      | XOM: divination: detect creatures
  1995 | D:3      | Reached XP level 4. HP: 20/27 MP: 6/6
  2149 | D:3      | XOM: summons 2 hostile shadow creatures
  2469 | D:3      | Reached skill level 1 in Throwing
  2562 | D:3      | XOM: snakes to sticks
  2860 | D:3      | XOM: 5-stop teleportation journey
  2898 | D:3      | XOM: harmless Ice miscast
  3054 | D:3      | XOM is BORED!
  3054 | D:3      | XOM: medium Necr miscast
  3054 | D:3      | Killed by the capriciousness of Xom

Vault maps used:
D:1:      dpeg_arrival_signposts
D:2:      tso_metal_star

Skill      XL: |  1  2  3  4 |
---------------+-------------+-----
Stealth        | 2 |  2.0
Short Blades   | 4 |  4.2
Throwing       | 1 |  1.2
Dodging        | 3 |  3.0
Fighting       | |  2.4
Armour         | |  0.7

Action                   |  1- 3 |  4- 6 || total
-------------------------+-------+-------++-------
Melee: Short sword       |   171 |    42 ||   213
Throw: Tomahawk          |       |     2 ||     2
  Use: Scroll            |     2 |       ||     2
       Potion            |     1 |       ||     1
 Stab: Confused          |     1 |       ||     1
       Paralysed         |     2 |       ||     2
       Sleeping          |     1 |     1 ||     2
  Eat: Chunk             |     3 |     6 ||     9
       Meat ration       |     1 |       ||     1
Armor: Leather armour    |    66 |    19 ||    85
Dodge: Dodged            |   100 |    38 ||   138
